 Dungeon Crawl Stone Soup version 0.22-a0-877-g5c4e1afb51 (console) character file.

81 Lexodia the Cudgeler (level 4, -2/48 HPs)
             Began as an Ogre Berserker on July 29, 2018.
             Was a Believer of Trog.
             Slain by a sky beast (6 damage)
             ... on level 3 of the Dungeon.
             The game lasted 00:03:25 (1662 turns).

Lexodia the Cudgeler (Ogre Berserker)               Turns: 1662, Time: 00:03:25

Health: -2/48      AC:  4    Str: 22    XL:     4   Next: 42%
Magic:  4/4        EV: 10    Int:  8    God:    Trog [**....]
Gold:   120        SH:  0    Dex:  8    Spells: 3/3 levels left

rFire    . . .     SeeInvis .   i - +0 flail
rCold    . . .     Gourm    .   (no shield)
rNeg     . . .     Faith    .   b - +1 animal skin
rPois    .         Spirit   .   (helmet restricted)
rElec    .         Reflect  .   (no cloak)
rCorr    .         Harm     .   (gloves unavailable)
MR       .....                  (boots unavailable)
Stlth    ++........             (no amulet)
HPRegen  0.16/turn              e - ring of stealth
MPRegen  0.09/turn              (no ring)

@: berserk cooldown, slowed, very slow
A: large, unfitting armour, tough skin 1
a: Berserk, Trog's Hand, Renounce Religion


You were on level 3 of the Dungeon.
You worshipped Trog.
Trog was pleased with you.
You were very hungry.

You visited 1 branch of the dungeon, and saw 3 of its levels.

You collected 120 gold pieces.

Inventory:

Hand Weapons
 a - a +0 mace
 g - a +0 mace
 i - a +0 flail (weapon)
Armour
 b - a +1 animal skin (worn)
Jewellery
 e - a ring of stealth (left hand)
Scrolls
 f - 2 scrolls of identify
Potions
 h - a potion of berserk rage
 j - a potion of flight {unknown}
 k - a potion of magic {unknown}
 l - a potion of agility {unknown}
 m - a potion of brilliance {unknown}
 o - a potion of curing {unknown}
Comestibles
 c - 2 rations


   Skills:
 - Level 4.0 Fighting
 * Level 4.4 Maces & Flails
 - Level 3.0 Dodging


You had 3 spell levels left.
You didn't know any spells.
Your spell library was empty.

Dungeon Overview and Level Annotations

Branches:
Dungeon (3/15)

Altars:


Innate Abilities, Weirdness & Mutations

You are too large for most types of armour.
You have tough skin. (AC +1)


Message History

You miss something. Something hits you. Something shocks you.
Huge Dmg: -10%(-7hp) hp: 34%(24hp)
You miss something. You miss something.
You are no longer berserk.
You are exhausted.
You feel yourself slow down. Something hits you. Something shocks you.
* * * LOW HITPOINT WARNING * * *
Huge Dmg: -29%(-14hp) hp: 21%(10hp)
You barely miss something.
Something hits you but does no damage. x2
You barely miss something. Something hits you but does no damage.
Something hits you.
* * * LOW HITPOINT WARNING * * *
Something shocks you.
* * * LOW HITPOINT WARNING * * *
Huge Dmg: -12%(-6hp) hp: 11%(5hp)
You miss something. Something hits you but does no damage. Something hits you.
* * * LOW HITPOINT WARNING * * *
Something shocks you.
You die...

## .. .. #.
..#. .#.## #
........# ..
#...#.#.##.# #
#.#)#......
###.#.#@#....#
.......{#...##.
###.#.†........
#...#...####.##
###.#..........
#.#.#<....... #
#.#.......#
#.#.......#
#.##.###.##


There were no monsters in sight!

Vanquished Creatures
  3 gnolls (D:2)
  An ooze (D:1)
  3 dart slugs (D:1)
  A leopard gecko (D:1)
  A ball python (D:1)
  5 giant cockroaches
  5 goblins
  5 hobgoblins
  A jackal (D:2)
  5 bats
  2 frilled lizards (D:1)
  5 kobolds
  4 rats
41 creatures vanquished.

Notes
Turn   | Place    | Note
-------+----------+-------------------------------------------
     0 | D:1      | Lexodia the Ogre Berserker began the quest for the Orb.
     0 | D:1      | Reached XP level 1. HP: 24/24 MP: 1/1
   107 | D:1      | Reached XP level 2. HP: 26/32 MP: 2/2
   116 | D:1      | Huge Dmg: 6 dmg
   487 | D:1      | Reached XP level 3. HP: 37/39 MP: 3/3
  1061 | D:2      | Reached ** piety under Trog
  1227 | D:2      | Huge Dmg: 7 dmg
  1230 | D:2      | Reached XP level 4. HP: 19/48 MP: 4/4
  1393 | D:2      | Huge Dmg: 13 dmg
  1641 | D:3      | Noticed a sky beast
  1647 | D:3      | Huge Dmg: 9 dmg
  1658 | D:3      | Huge Dmg: 7 dmg
  1660 | D:3      | Huge Dmg: 14 dmg
  1662 | D:3      | Huge Dmg: 6 dmg
  1662 | D:3      | Slain by a sky beast

Vault maps used:
D:1:      denvon_arrival_planthouse, minmay_misc_feat_alley, minivault_11
D:2:      minmay_pentomino_p2
D:3:      gammafunk_ghost_grave, first_ration, uniq_grinder, uniq_natasha

Skill      XL: |  1  2  3 |
---------------+----------+-----
Maces & Flails | 3 4 |  4.4
Dodging        | 3 |  3.0
Fighting       | |  4.0

Action                   |  1- 3 |  4- 6 || total
-------------------------+-------+-------++-------
Melee: Mace              |    92 |    11 ||   103
       Flail             |       |    29 ||    29
Invok: Berserk           |       |     1 ||     1
  Use: Scroll            |     5 |     1 ||     6
 Stab: Sleeping          |     9 |       ||     9
  Eat: Chunk             |     1 |     1 ||     2
Armor: Animal skin       |    24 |    13 ||    37
Dodge: Dodged            |    57 |    17 ||    74

Table legend:
 A = Spawn XP
 B = Non-spawn XP
 C = Spawn XP percentage of total XP
 D = Spawn monster count
 E = Non-spawn monster count
 F = Spawn count percentage of total count
 G = Total turns spent on level
                    A         B        C        D         E        F      G
               +---------+---------+-------+---------+---------+-------+---------
         Total |       0 |     117 |   0.0 |       0 |      41 |   0.0 |  1662
               +---------+---------+-------+---------+---------+-------+---------
           D:1 |       0 |      44 |   0.0 |       0 |      21 |   0.0 |   951
           D:2 |       0 |      70 |   0.0 |       0 |      18 |   0.0 |   684
           D:3 |       0 |       3 |   0.0 |       0 |       2 |   0.0 |    27
               +---------+---------+-------+---------+---------+-------+---------
